 Dungeon Crawl Stone Soup version 0.29-a0-322-g68df515428 (webtiles) character file.

Game seed: 14468619554400239883

38 Morbidden the Conjurer (level 3, -2/24 HPs)
             Began as a Demonspawn Conjurer on Apr 8, 2022.
             Slain by Terence
             ... wielding a +0 trident
              (8 damage)
             ... on level 2 of the Dungeon.
             The game lasted 00:01:35 (1599 turns).

Morbidden the Conjurer (Demonspawn Conjurer)        Turns: 1599, Time: 00:01:36

Health: -2/24      AC:  3    Str:  7    XL:     3   Next: 25%
Magic:  0/6        EV: 12    Int: 21    God:
Gold:   40         SH:  0    Dex: 11    Spells: 3/6 levels left

rFire   + . .      SeeInvis .   (no weapon)
rCold   . . .      Faith    .   (no shield)
rNeg    . . .      Spirit   .   a - +0 robe
rPois   .          Reflect  .   (no helmet)
rElec   .          Harm     .   l - +0 cloak
rCorr   .          Rampage  .   (no gloves)
Will    .....                   (no boots)
Stlth   ++........              (no amulet)
HPRegen 0.08/turn               k - ring of protection from fire
MPRegen 0.10/turn               (no ring)

@: brilliant
A: demonic touch 1
a: no special abilities


You were on level 2 of the Dungeon.
You visited 1 branch of the dungeon, and saw 2 of its levels.

You collected 40 gold pieces.

Inventory:

Armour
 a - a +0 robe (worn)
 l - a +0 cloak (worn)
Jewellery
 k - a ring of protection from fire (left hand)
 o - a +4 ring of protection
Scrolls
 d - a scroll of vulnerability {unknown}
 g - 3 scrolls of identify {unknown}
Potions
 b - a potion of magic
 c - a potion of mutation {unknown}
 e - a potion of brilliance
 f - a potion of lignification {unknown}
 h - 2 potions of invisibility {unknown}
 i - a potion of flight {unknown}
 j - a potion of curing
 m - 2 potions of might {unknown}
 n - a potion of attraction {unknown}


   Skills:
 * Level 0.1 Fighting
 * Level 2.1 Dodging
 + Level 1.8 Stealth
 * Level 2.2 Spellcasting
 * Level 4.7 Conjurations


You had 3 spell levels left.
You knew the following spells:

 Your Spells              Type           Power      Damage    Failure   Level
a - Magic Dart            Conj           100%       1d8       1%          1
b - Searing Ray           Conj           66%        2d6       3%          2

Your spell library contained the following spells:

 Spells                   Type           Power      Damage    Failure   Level
 Sandblast                Erth           6%         2d5       14%         1
 Dazzling Flash           Conj/Hex       36%        N/A       16%         3
 Stone Arrow              Conj/Erth      36%        3d9       16%         3
 Corpse Rot               Necr/Air       6%         N/A       22%         2
 Passwall                 Tmut/Erth      2%         N/A       22%         2
 Poisonous Vapours        Pois/Air       6%         N/A       22%         2
 Fulminant Prism          Conj/Hex       9%         3d7       47%         4
 Iskenderun's Mystic Bla  Conj/Tloc      18%        2d6       47%         4


Dungeon Overview and Level Annotations

Branches:
Dungeon (2/15)

Altars:

Annotations:
D:2 Terence


Innate Abilities, Weirdness & Mutations

Your touch may inflict minor irresistible damage on your foes.


Message History

Press: ? - help, Shift-Dir - straight line, f - Terence
Aim: Terence, wielding a +0 trident and wearing a +0 scale mail (moderately wounded, 81% to hit)
You miscast Searing Ray.
You are very lightly contaminated with residual magic.
Nothing appears to happen.
Terence hits you with a +0 trident. Terence closely misses you.
Unknown command.
Unknown command.
Casting: Searing Ray (safe; 3% risk of failure)
Confirm with . or Enter, or press ? or * to list all spells.
Aiming: Searing Ray (safe; 3% risk of failure)
Press: ? - help, Shift-Dir - straight line, f/p - Terence
Aim: Terence, wielding a +0 trident and wearing a +0 scale mail (moderately wounded, 81% to hit)
The searing ray hits Terence.
Terence is severely wounded. (Press . to maintain the ray.) Terence barely misses you.
The searing ray hits Terence.
Terence is almost dead.
Terence hits you with a +0 trident.
* * * LOW HITPOINT WARNING * * *
Unknown command.
Unknown command.
The searing ray misses Terence.
Terence drinks a potion.
Terence is healed!
Unknown command.
Unknown command.
Unknown command.
You hit Terence but do no damage.
Terence is moderately wounded.
Terence closely misses you.
Unknown command.
You hit Terence. Your touch misses Terence.
Terence is heavily wounded.
Terence closely misses you.
Your magical contamination has completely faded away.
Unknown command.
It was a potion of brilliance.
You feel clever all of a sudden. Terence hits you with a +0 trident!
You die...

############
#..........#
#.....@....#
########....@.....#
#####.......†.........#
......######..<....>..#
.###### #...!......# ##
#..........#
############


You could see Terence.

Vanquished Creatures
  A gnoll (D:1)
  2 dart slugs
  3 endoplasms
  2 goblins (D:1)
  3 hobgoblins (D:1)
  A quokka (D:1)
  3 ball pythons (D:1)
  A bat (D:1)
  4 frilled lizards (D:1)
  3 kobolds
  2 rats
25 creatures vanquished.

Notes
Turn   | Place    | Note
-------+----------+-------------------------------------------
     0 | D:1      | Morbidden the Demonspawn Conjurer began the quest for the
                  | Orb.
     0 | D:1      | Reached XP level 1. HP: 13/13 MP: 3/3
   314 | D:1      | Discovered your monstrous ancestry.
   314 | D:1      | Gained mutation: Your touch may inflict minor irresistible
                  | damage on your foes. [demonic ancestry]
   314 | D:1      | Reached XP level 2. HP: 19/19 MP: 0/5
   699 | D:1      | Learned a level 2 spell: Searing Ray
   896 | D:1      | Reached XP level 3. HP: 8/24 MP: 0/6
  1432 | D:2      | Noticed Terence
  1599 | D:2      | Slain by Terence

Illustrated notes

Levels and vault maps discovered:
D:1:      matt_arrival_diagonals, layout_loops_ring, dk_noncrumbling_4
D:2:      layout_rooms, hellmonk_ecumenical_altar_prayer_group, uniq_terence

Skill      XL: |  1  2 |
---------------+-------+-----
Dodging        | 2 |  2.1
Fighting       | |  0.1
Stealth        | |  1.8
Spellcasting   | |  2.2
Conjurations   | |  4.7

Action                   || total
-------------------------++-------
Melee: Unarmed           ||    30
       Touch             ||    12
       Punch             ||     1
 Cast: Magic Dart        ||    40
       Searing Ray       ||     1
  Use: Potion            ||     1
 Stab: Sleeping          ||     2
Armor: Robe              ||     4
Dodge: Dodged            ||    33

Table legend: (Time is in decaauts)
 A = Elapsed time spent in this place.
 B = Non-inter-level travel time spent in this place.
 C = Inter-level travel time spent in this place.
 D = Time resting spent in this place.
 E = Time spent auto-exploring this place.
 F = Levels seen in this place.
 G = Mean time per level.
                   A        B        C        D        E       F      G
               +--------+--------+--------+--------+--------+-----+--------+
         Total |   1599 |   1558 |     41 |    317 |   1002 |   2 |  799.5 |
       Dungeon |   1599 |   1558 |     41 |    317 |   1002 |   2 |  799.5 |
               +--------+--------+--------+--------+--------+-----+--------+

Top non-repeatable levels by time:
     D:1: 1468 daAuts
     D:2: 131 daAuts
